 Dungeon Crawl Stone Soup version 0.22-a0-439-gac93bac (webtiles) character file.

5852 incide the Ducker (level 10, -1/59 HPs)
             Began as a Gargoyle Wanderer on May 29, 2018.
             Was a Follower of Ashenzari.
             Killed by the air
             ... invoked by Gastronok
              (30 damage)
             ... on level 9 of the Dungeon.
             The game lasted 00:46:10 (7971 turns).

incide the Ducker (Gargoyle Wanderer)               Turns: 7971, Time: 00:46:10

Health: -1/59      AC: 16    Str: 15    XL:     10   Next: 81%
Magic:  16/17      EV: 14    Int: 18    God:    Ashenzari [*.....]
Gold:   514        SH:  4    Dex:  8    Spells: 11/19 levels left

rFire    . . .     SeeInvis .   a - +2 dagger (venom)
rCold    . . .     Gourm    .   p - +0 buckler
rNeg     + . .     Faith    .   e - +0 leather armour
rPois    ∞         Spirit   .   (no helmet)
rElec    +         Reflect  .   l - +0 cloak (curse)
rCorr    +         Harm     .   m - +0 pair of gloves
MR       .....                  (no boots)
Stlth    ++........             J - amulet of regeneration (curse)
HPRegen  0.59/turn              r - +3 ring of protection (curse)
MPRegen  0.15/turn              A - ring of resist corrosion

@: very slightly contaminated, slowed, very slow
A: negative energy resistance 1, electricity resistance, unbreathing,
petrification resistance, rot immunity, AC +7
a: Curse Item, Scrying, Renounce Religion


You were on level 9 of the Dungeon.
You worshipped Ashenzari.
Ashenzari was aware of your devotion.
You were very hungry.

You visited 2 branches of the dungeon, and saw 10 of its levels.

You collected 514 gold pieces.

Inventory:

Hand Weapons
 a - a +2 dagger of venom (weapon)
 b - a +2 dagger of flaming
 c - a +0 spear of piercing
 g - a +2 dagger of speed
 x - a +0 flail of holy wrath
 K - a +0 broad axe
 W - a +1 flail of protection
 X - a +1 short sword of draining
Missiles
 I - 8 silver tomahawks (quivered)
 R - 8 javelins
Armour
 e - a +0 leather armour (worn)
 l - a cursed +0 cloak (worn)
 m - a +0 pair of gloves (worn)
 p - a +0 buckler (worn)
 s - a +0 shield
 L - a +0 chain mail
 Q - a +0 scale mail
 Y - a cursed +0 robe
Jewellery
 h - an uncursed ring of protection from magic
 r - a cursed +3 ring of protection (left hand)
 A - a ring of resist corrosion (right hand)
 G - the ring of Nygeghud {rPois Int+3 Slay-6 SInv Stlth+}
   (You found it on level 5 of the Dungeon)

   [ring of intelligence]

   It affects your intelligence (+3).
   It affects your accuracy and damage with ranged weapons and melee attacks
   (-6).
   It protects you from poison.
   It lets you see invisible.
   It makes you more stealthy.
 J - a cursed amulet of regeneration (around neck)
 P - an uncursed ring of wizardry
Wands
 k - a wand of acid (10)
 n - a wand of disintegration (4)
 B - a wand of polymorph (23)
 H - a wand of digging (10)
 N - a wand of paralysis (27)
 U - a wand of iceblast (8)
Scrolls
 j - 2 scrolls of magic mapping
 q - a scroll of random uselessness {unknown}
 t - 2 scrolls of fog {unknown}
 w - 4 scrolls of teleportation {unknown}
 C - 3 scrolls of enchant armour {unknown}
 D - a scroll of amnesia {unknown}
 E - a scroll of blinking {unknown}
 F - 3 scrolls of fear {unknown}
 S - a scroll of torment {unknown}
 V - a scroll of enchant weapon {unknown}
Potions
 d - 6 potions of haste
 i - a potion of curing
 o - a potion of flight {unknown}
 u - 2 potions of might
 v - a potion of mutation {unknown}
 y - a potion of invisibility {unknown}
 z - 2 potions of magic
 M - 2 potions of agility
 O - a potion of heal wounds {unknown}
 T - a potion of berserk rage {unknown}
Comestibles
 f - 17 rations


   Skills:
 + Level 5.3 Fighting
 - Level 2.8 Short Blades
 - Level 6.1 Armour
 - Level 7.1 Dodging
 - Level 3.2 Stealth
 + Level 2.8 Shields
 - Level 5.2 Spellcasting
 - Level 2.1 Conjurations
 - Level 4.6 Hexes
   Level 1.0 Charms
 - Level 6.2 Translocations


You had 11 spell levels left.
You knew the following spells:

 Your Spells              Type           Power        Failure   Level  Hunger
a - Blink                 Tloc           N/A          2%          2    #......
b - Conjure Flame         Conj/Fire      #.......     34%         3    ##.....
c - Corona                Hex            ###....      2%          1    None
d - Slow                  Hex            ###.....     4%          2    #......

Your spell library contained the following spells:

 Spells                   Type           Power        Failure   Level  Hunger
 Magic Dart               Conj           ##..         8%          1    None
 Confuse                  Hex            ###.....     8%          3    ##.....
 Throw Flame              Conj/Fire      #.....       19%         2    #......
 Throw Frost              Conj/Ice       #.....       19%         2    #......
 Mephitic Cloud           Conj/Pois/Air  #.......     38%         3    ##.....
 Call Imp                 Summ           #.......     28%         2    #......
 Tukima's Dance           Hex            ###.....     8%          3    ##.....
 Ensorcelled Hibernation  Hex/Ice        ##....       11%         2    #......
 Dazzling Spray           Conj/Hex       ###...       13%         3    ##.....


Dungeon Overview and Level Annotations

Branches:
Dungeon (9/15)             Temple (1/1) D:6
   Lair: D:8-11         Orc: D:9-12

Altars:
Ashenzari
Cheibriados
Dithmenos
Elyvilon
Fedhas
Gozag
Hepliaklqana
Kikubaaqudgha
Makhleb
Nemelex Xobeh
Okawaru
Qazlal
Ru
Sif Muna
Trog
Uskayaw
Vehumet
Wu Jian
Xom
Yredelemnul
Zin
The Shining One

Shops:
D:6 %

Annotations:
D:4 tstbtto's ghost, novice MiFi
D:7 exclusion: ice statue
D:9 Gastronok


Innate Abilities, Weirdness & Mutations

You are resistant to torment.
Your stone body is resilient. (AC +7)
You are immune to poison.
You resist negative energy. (rN+)
You are resistant to electric shocks. (rElec)
You can survive without breathing.
You are immune to petrification.
You are immune to rotting.


Message History

The river rat twitches its whiskers.
The river rat bites you! Gastronok bites you!
You hit Gastronok.
Gastronok looks as sick as possible!
Gastronok is almost dead.
You block the bat's attack. x2; The river rat closely misses you.
You hit Gastronok but do no damage.
Gastronok is almost dead.
The bat barely misses you. You block the bat's attack.
The river rat bites you but does no damage.
The bat barely misses you. Gastronok bites you but does no damage.
The river rat barely misses you.
You hit Gastronok.
Gastronok looks as sick as possible!
Gastronok is almost dead.
The bat hits you but does no damage. x2; The bat completely misses you.
The river rat completely misses you.
Gastronok gurgles, "I'll eat you, I will!"
Gastronok waves his eye-stalks in wide circles.
The air twists around and strikes you!
Ouch! That really hurt!
You die...

#...........#
#...........#
+...........#
#...........#
#...........#
#...........'
#...........#
###r#########
#b@wbZ..#
#######.###
#.........#
#.........####
#..........o.# .
#.........##.## ..
#.........##.o##...
..........###..'.o.
#.........# ####...


You could see Gastronok, a river rat, a centaur zombie and 2 bats.

Vanquished Creatures
  A two-headed ogre (D:7)
  Pikel (D:8)
  Joseph (D:8)
  A hornet (D:7)
  A hippogriff (D:7)
  A spriggan (D:7)
  Sigmund (D:5)
  A hungry ghost (D:7)
  5 orc warriors
  4 ice beasts
  2 sky beasts (D:7)
  3 slaves (D:8)
  4 ogres
  A phantom (D:7)
  A crocodile (D:8)
  A big kobold (D:7)
  4 bullfrogs
  3 scorpions (D:7)
  4 killer bees (D:8)
  4 wights
  2 howler monkeys
  2 crimson imps
  A bullfrog zombie (D:7)
  6 orc priests
  3 centaur skeletons
  2 jellies
  2 iguanas
  7 orc wizards
  Ijyb (D:5)
  9 worker ants
  2 howler monkey zombies
  10 adders
  3 gnolls (D:4)
  3 howler monkey skeletons
  2 shadow imps
  An adder zombie (D:5)
  A worm (D:2)
  2 dart slugs
  5 leopard geckos
  22 orcs
  3 giant cockroaches
  9 goblins
  8 hobgoblins
  3 jackals
  4 quokkas
  A ball python (D:3)
  8 bats
  3 frilled lizards
  A jackal skeleton (D:6)
  A jackal zombie (D:5)
  13 kobolds
  5 rats
189 creatures vanquished.

Vanquished Creatures (others)
  A slave (D:8)
1 creature vanquished.

Grand Total: 190 creatures vanquished

Notes
Turn   | Place    | Note
-------+----------+-------------------------------------------
     0 | D:1      | incide the Gargoyle Wanderer began the quest for the Orb.
     0 | D:1      | incide set off with: a +0 robe, a +0 club, a +0 dagger, a ration
     0 | D:1      | Reached XP level 1. HP: 12/12 MP: 3/3
   179 | D:1      | Reached XP level 2. HP: 18/18 MP: 5/5
   206 | D:1      | Reached skill level 3 in Fighting
   298 | D:1      | Reached skill level 1 in Short Blades
   452 | D:2      | Reached XP level 3. HP: 23/23 MP: 6/6
   559 | D:2      | Reached skill level 2 in Short Blades
   733 | D:2      | Reached XP level 4. HP: 24/28 MP: 7/7
   977 | D:3      | Learned a level 2 spell: Blink
   981 | D:3      | Learned a level 3 spell: Conjure Flame
  1015 | D:3      | Learned a level 1 spell: Corona
  1078 | D:3      | Reached skill level 1 in Dodging
  1436 | D:3      | Reached XP level 5. HP: 31/32 MP: 8/8
  1498 | D:4      | Reached skill level 2 in Dodging
  1516 | D:4      | Noticed tstbtto's ghost (novice MiFi)
  1688 | D:4      | Reached skill level 3 in Dodging
  1745 | D:4      | Reached XP level 6. HP: 37/37 MP: 7/9
  1848 | D:4      | Reached skill level 4 in Dodging
  2127 | D:5      | Entered Level 5 of the Dungeon
  2150 | D:5      | Found a blossoming altar of Fedhas.
  2150 | D:5      | Found an opulent altar of Gozag.
  2156 | D:5      | Found a snail-covered altar of Cheibriados.
  2158 | D:5      | Found a radiant altar of Vehumet.
  2159 | D:5      | Found a basalt altar of Yredelemnul.
  2211 | D:5      | Got a smoking granite ring
  2217 | D:5      | Identified the ring of Nygeghud {rPois Int+3 Slay-6 SInv Stlth+} (You found it on level 5 of the Dungeon)
  2218 | D:5      | a caster ring :?
  2220 | D:5      | Noticed Ijyb
  2236 | D:5      | Killed Ijyb
  2480 | D:5      | Reached XP level 7. HP: 41/41 MP: 10/10
  2526 | D:5      | Noticed Sigmund
  2550 | D:5      | Killed Sigmund
  2550 | D:5      | Reached skill level 5 in Dodging
  2658 | D:6      | Found Nauxuplu's Food Emporium.
  2729 | D:6      | Learned a level 2 spell: Slow
  3020 | D:5      | Reached skill level 3 in Spellcasting
  3561 | D:5      | Reached skill level 4 in Spellcasting
  3561 | D:5      | Reached XP level 8. HP: 13/46 MP: 10/14
  3794 | D:6      | Found a hide-covered altar of Uskayaw.
  4033 | D:5      | Reached skill level 5 in Spellcasting
  4403 | D:6      | Found a staircase to the Ecumenical Temple.
  4418 | Temple   | Entered the Ecumenical Temple
  4476 | Temple   | Became a worshipper of Ashenzari the Shackled
  4842 | D:7      | Noticed a hippogriff
  4857 | D:7      | Killed a hippogriff
  4857 | D:7      | Reached skill level 1 in Armour
  4857 | D:7      | Reached skill level 6 in Dodging
  4975 | D:7      | Noticed an ice statue
  4985 | D:7      | Reached skill level 2 in Armour
  5116 | D:7      | Reached XP level 9. HP: 44/50 MP: 16/16
  5135 | D:7      | Reached skill level 7 in Dodging
  5407 | D:7      | Reached skill level 1 in Hexes
  5476 | D:7      | Reached skill level 2 in Hexes
  5554 | D:7      | Reached skill level 3 in Hexes
  5644 | D:7      | Reached skill level 4 in Hexes
  5892 | D:7      | Reached skill level 1 in Translocations
  5897 | D:7      | Reached skill level 2 in Translocations
  6042 | D:8      | Reached skill level 3 in Translocations
  6176 | D:8      | Noticed Joseph
  6176 | D:8      | Noticed a hornet
  6195 | D:7      | Killed a hornet
  6195 | D:7      | Reached skill level 4 in Translocations
  6222 | D:8      | Noticed a two-headed ogre
  6369 | D:7      | Killed a two-headed ogre
  6369 | D:7      | Reached skill level 6 in Translocations
  6369 | D:7      | Reached XP level 10. HP: 35/56 MP: 17/17
  6428 | D:7      | Reached skill level 3 in Armour
  6560 | D:8      | Reached * piety under Ashenzari
  6586 | D:8      | Reached skill level 4 in Armour
  6806 | D:7      | HP: 10/56 [ice beast (14)]
  7051 | D:8      | Killed Joseph
  7051 | D:8      | Reached skill level 5 in Armour
  7299 | D:8      | Reached skill level 6 in Armour
  7524 | D:8      | Reached skill level 4 in Fighting
  7524 | D:8      | Reached skill level 1 in Shields
  7636 | D:8      | Noticed Pikel
  7688 | D:8      | HP: 1/57 [disintegration (21)]
  7693 | D:8      | Killed Pikel
  7693 | D:8      | Reached skill level 5 in Fighting
  7693 | D:8      | Reached skill level 2 in Shields
  7918 | D:9      | Noticed Gastronok
  7971 | D:9      | Killed from afar by Gastronok

Vault maps used:
D:1:      dpeg_cavernosity, minmay_fountain_box
D:2:      kennysheep_big_flooded_room
D:5:      chequers_temple_overflow_minitemple, first_ration, uniq_ijyb,
          uniq_sigmund
D:6:      old_standard_altar, minmay_temple_entry_enclosed_plants, serial_shops,
          nicolae_shop_waterfront
D:7:      lemuel_ice_statue, the_bakery
D:8:      uniq_pikel, uniq_joseph
D:9:      uniq_gastronok
Temple:   nicolae_temple_x_marks_the_god

Skill      XL: |  1  2  3  4  5  6  7  8  9 10 |
---------------+-------------------------------+-----
Fighting       | 3 5 |  5.3
Short Blades   | 1 2 |  2.8
Dodging        | 1 3 4 5 6 7 |  7.1
Spellcasting   | 4 5 |  5.2
Armour         | 2 6 |  6.1
Hexes          | 4 |  4.6
Translocations | 6 |  6.2
Shields        | 2 |  2.8
Stealth        | |  3.2
Conjurations   | |  2.1
Charms         | |  1.0

Action                   |  1- 3 |  4- 6 |  7- 9 | 10-12 || total
-------------------------+-------+-------+-------+-------++-------
Melee: Short sword       |     7 |       |       |       ||     7
       Dagger            |    93 |   201 |   416 |   392 ||  1102
       Spear             |       |       |   103 |       ||   103
       Broad axe         |       |       |     3 |       ||     3
       Mace              |       |       |     1 |       ||     1
Throw: Tomahawk          |       |       |     3 |       ||     3
 Cast: Corona            |       |     2 |     8 |     6 ||    16
       Conjure Flame     |       |       |    14 |     1 ||    15
       Blink             |       |       |     2 |     1 ||     3
       Slow              |       |       |     2 |       ||     2
Invok: Curse Item        |       |       |     3 |       ||     3
  Use: Scroll            |       |     1 |     5 |     2 ||     8
       Potion            |       |       |       |     2 ||     2
 Stab: Sleeping          |     3 |     3 |     2 |       ||     8
  Eat: Chunk             |       |     4 |     9 |     2 ||    15
       Ration            |       |       |     2 |     1 ||     3
Armor: Robe              |    40 |    60 |    35 |       ||   135
       Leather armour    |       |       |   112 |   153 ||   265
Dodge: Dodged            |    67 |   102 |   299 |   231 ||   699
Block: Buckler           |       |       |       |    35 ||    35

Table legend:
 A = Spawn XP
 B = Non-spawn XP
 C = Spawn XP percentage of total XP
 D = Spawn monster count
 E = Non-spawn monster count
 F = Spawn count percentage of total count
 G = Total turns spent on level
                    A         B        C        D         E        F      G
               +---------+---------+-------+---------+---------+-------+---------
         Total |       0 |    8360 |   0.0 |       0 |     186 |   0.0 |  7971
               +---------+---------+-------+---------+---------+-------+---------
           D:1 |       0 |      30 |   0.0 |       0 |      17 |   0.0 |   438
           D:2 |       0 |      69 |   0.0 |       0 |      24 |   0.0 |   446
           D:3 |       0 |      81 |   0.0 |       0 |      17 |   0.0 |   651
           D:4 |       0 |     334 |   0.0 |       0 |      18 |   0.0 |   594
           D:5 |       0 |     766 |   0.0 |       0 |      14 |   0.0 |  1327
           D:6 |       0 |     453 |   0.0 |       0 |      17 |   0.0 |  1234
           D:7 |       0 |    3831 |   0.0 |       0 |      45 |   0.0 |  1797
           D:8 |       0 |    2589 |   0.0 |       0 |      28 |   0.0 |  1146
           D:9 |       0 |     207 |   0.0 |       0 |       6 |   0.0 |   195
               +---------+---------+-------+---------+---------+-------+---------
